 Dungeon Crawl Stone Soup version 0.19-a0-628-g9200b3b (webtiles) character file.

12332 mistymad the Unseen (level 11, 0/109 HPs)
             Began as a Naga Transmuter on June 14, 2016.
             Was an Elder of Cheibriados.
             Slain by a green ugly thing (9 damage)
             ... on level 9 of the Dungeon.
             The game lasted 01:07:00 (14392 turns).

mistymad the Unseen (Naga Transmuter)              Turns: 14392, Time: 01:07:02

Health: 0/109      AC:  5    Str: 24    XL:     11   Next: 91%
Magic:  20/20      EV: 26    Int: 31    God:    Cheibriados [****..]
Gold:   321        SH:  0    Dex: 26    Spells: 5 memorised, 7 levels left

rFire  . . .     SeeInvis +       - Unarmed
rCold  . . .     Gourm    .     (armour currently unavailable)
rNeg   . . .     Faith    .     (shield currently unavailable)
rPois  x         Spirit   .     (helmet currently unavailable)
rElec  .         Dismiss  .     (cloak currently unavailable)
rCorr  .         Reflect  .     (gloves currently unavailable)
SustAt .         Harm     .     (no barding)
MR     +....                    (no amulet)
Stlth  +++++++++.               x - +3 ring of protection
                                A - +5 ring of intelligence

@: lethally poisoned (0 -> -75), spider-form, very slow, somewhat resistant to
hostile enchantments, incredibly stealthy
A: rugged brown scales 1, see invisible, (deformed body), sense surroundings 1,
(poison resistance), robust 1, (slowness 0), slow metabolism 1, spit poison 2,
evolution 1, AC +3
a: Spit Poison, End Transformation, Bend Time, Temporal Distortion, Slouch,
Renounce Religion


You were on level 9 of the Dungeon.
You worshipped Cheibriados.
Cheibriados was greatly pleased with you.
You were hungry.
You were a venomous arachnid creature.
You visited 3 branches of the dungeon, and saw 11 of its levels.
You also visited: Sewer and Ossuary.

You collected 696 gold pieces.
You spent 375 gold pieces at shops.

Inventory:

Hand Weapons
 F - the +1 triple sword "Azxaevur" {slice, Dex+9 Stlth-}
   (You bought it in a shop on level 5 of the Dungeon)

   It inflicts extra damage upon your enemies.
   It affects your dexterity (+9).
   It makes you less stealthy.
Missiles
 a - 136 arrows
 w - 2 throwing nets (quivered)
Armour
 f - a +0 cloak of invisibility (melded)
 h - a +0 naga barding (melded)
 m - a +0 pair of gloves (melded)
 y - a +0 buckler
 z - a +2 robe (melded)
Jewellery
 k - an uncursed ring of positive energy
 p - an uncursed ring of resist corrosion
 x - a +3 ring of protection (right front leg)
 A - a +5 ring of intelligence (left front leg)
Wands
 M - a wand of flame (5/48)
Scrolls
 r - 3 scrolls of amnesia
 s - a scroll of magic mapping {unknown}
 B - 3 scrolls of enchant armour {unknown}
 D - 2 scrolls of fear {unknown}
 H - 4 scrolls of remove curse
 I - 2 scrolls of noise {unknown}
 K - a scroll of fog {unknown}
 N - a scroll of random uselessness {unknown}
 O - a scroll of brand weapon {unknown}
 P - a scroll of identify
Potions
 b - a potion of agility
 g - 4 potions of brilliance
 j - a potion of haste {unknown}
 o - a potion of might {unknown}
 q - 2 potions of lignification {unknown}
 G - a potion of resistance {unknown}
 J - 2 potions of invisibility {unknown}
 L - a potion of cure mutation {unknown}
Books
 c - a book of Changes

   Spells                             Type                      Level
   a - Beastly Appendage              Transmutation                1
   b - Sticks to Snakes               Transmutation                2
   c - Spider Form                    Transmutation/Poison         3
   d - Ice Form                       Ice/Transmutation            4
   e - Blade Hands                    Transmutation                5
 n - a book of the Dragon

   Spells                             Type                      Level
   a - Flame Tongue                   Conjuration/Fire             1
   b - Cause Fear                     Hexes                        4
   c - Bolt of Fire                   Conjuration/Fire             6
   d - Dragon Form                    Transmutation                7
   e - Dragon's Call                  Summoning                    9
Comestibles
 d - 7 bread rations
 i - 5 chunks of flesh
 l - 2 beef jerkies
 t - 3 fruits
 u - 4 meat rations
 v - 2 slices of pizza
 E - a royal jelly


   Skills:
 + Level 6.0 Fighting
 + Level 5.3 Dodging
 + Level 17.7 Stealth
 + Level 7.0 Unarmed Combat
 + Level 6.0 Spellcasting
 + Level 6.7 Transmutations
 - Level 6.0 Poison Magic
 + Level 4.0 Invocations


You had 7 spell levels left.
You knew the following spells:

 Your Spells              Type           Power        Failure   Level  Hunger
a - Beastly Appendage     Tmut           ######       3%          1    None
b - Sticks to Snakes      Tmut           ######..     3%          2    None
c - Spider Form           Tmut/Pois      #####.....   6%          3    None
d - Blade Hands           Tmut           ######....   28%         5    #####..
e - Ice Form              Ice/Tmut       ####....     32%         4    ###....


Dungeon Overview and Level Annotations

Branches:
Dungeon (9/15)             Temple (1/1) D:6            Lair (1/6) D:8
    Orc: D:9-12

Altars:
Ashenzari
Cheibriados
Dithmenos
Elyvilon
Fedhas
Gozag
Hepliaklqana
Kikubaaqudgha
Makhleb
Nemelex Xobeh
Okawaru
Pakellas
Qazlal
Ru
Sif Muna
Trog
Uskayaw
Vehumet
Xom
Yredelemnul
Zin
The Shining One

Shops:
D:5 (   D:8 %

Annotations:
D:5 georgeearnest's ghost, novice HOFi
D:7 1 exclusion, Menkaure; tstbtto's ghost, novice CeBe


Innate Abilities, Weirdness & Mutations

You cannot wear boots.
((Your serpentine skin is tough. (AC +3)))
You have supernaturally acute eyesight. (SInv)
((Armour fits poorly on your strangely shaped body.))
((Your system is resistant to poisons. (rPois)))
((You cover ground very slowly.))
You have a slow metabolism.
You can spit poison.
(You are partially covered in rugged brown scales. (AC +1, +3% HP))
You passively map a small area around you.
You are robust. (+10% HP)
You evolve.


Message History

An iguana comes into view.
* * * LOW HITPOINT WARNING * * *
You feel extremely sick. The killer bee misses you. The killer bee stings you.
* * * LOW HITPOINT WARNING * * *
The killer bee stings you.
* * * LOW HITPOINT WARNING * * *
You are more poisoned.
The killer bee poisons you! The orc warrior misses you.
You take 11 damage, and have 14/109 hp.
MP restored: 20 Unknown command.
Okay, then.
It was a potion of magic.
Magic courses through your body.
* * * LOW HITPOINT WARNING * * *
You feel very sick.
The green ugly thing looks more healthy.
The killer bee completely misses you. The adder barely misses you.
The killer bee barely misses you. The green ugly thing headbutts you!
You die...

, #.....# * ,
#.....# #.....# ,
#.....# ,
#####.$...# ,
.<........# , * ,
)......).<# , , ,,
..........#######.
,,,
.........sZ?......
,
........Suy.......
, ,
.........Flo......
....#.....#.....#.
, , ,
###.#.###l#.###.#
, . #.....#.....#
, , , .....#..$..#
, .### #$###[#, ,
, #(Fy.Z#


You could see a green ugly thing, an orc warrior, a giant frog, 2 iguanas, a
killer bee, an adder and a centaur skeleton.

Vanquished Creatures
  Erolcha (D:8)
  An elephant (D:8)
  Joseph (D:7)
  3 spiny frogs (Lair:1)
  A komodo dragon (Lair:1)
  The ghost of Stormphoenix the Basher, an amateur OgFi (Sewer)
  Grinder (D:3)
  6 yaks (Lair:1)
  Grum (Lair:1)
  4 humans (D:7)
  2 porcupines
  3 water moccasins (Lair:1)
  Duvessa (D:7)
  5 orc warriors
  Purgy (D:3)
  3 sky beasts (D:8)
  A phantom (D:5)
  7 ogres
  A wasp (D:8)
  3 wolves (Lair:1)
  5 centaurs
  3 crocodiles
  6 giant frogs
  Blork the orc (D:5)
  Dowan (D:7)
  A water moccasin skeleton (D:7)
  2 howler monkeys
  A giant frog zombie (D:3)
  A quasit (D:7)
  A centaur zombie (D:8)
  Crazy Yiuf (D:2)
  3 hounds
  7 jellies (D:7)
  4 orc priests
  11 orc wizards
  Jessica (D:3)
  Natasha (thrice) (D:2)
  Terence (D:3)
  3 iguanas
  6 worker ants
  2 killer bee zombies
  3 sheep
  4 mummies (Ossuary)
  4 gnolls (D:5)
  A worker ant zombie (D:6)
  13 adders
  5 river rats (Lair:1)
  12 oozes
  A worm zombie (D:5)
  An adder zombie (D:6)
  2 worms
  5 dart slugs
  21 giant geckos
  35 orcs
  12 giant cockroaches
  3 gnoll zombies
  6 goblins
  7 hobgoblins
  7 jackals
  8 quokkas
  6 ball pythons (Sewer)
  9 bats
  12 giant newts
  A hobgoblin zombie (Ossuary)
  10 kobolds
  3 kobold zombies
  2 orc zombies (Ossuary)
  2 quokka skeletons
  A quokka zombie (D:5)
  8 rats
315 creatures vanquished.

Vanquished Creatures (collateral kills)
  A hydra (Lair:1)
  5 yaks (Lair:1)
  A big kobold (D:8)
  A centaur zombie (D:8)
  An iguana (D:7)
  4 mummies (Ossuary)
  An adder (Sewer)
  2 oozes (Sewer)
  3 orcs
  A giant cockroach (Sewer)
  A hobgoblin zombie (Ossuary)
  An orc zombie (Ossuary)
22 creatures vanquished.

Vanquished Creatures (others)
  A quokka (D:8)
  3 fungi
  2 plants (Lair:1)
6 creatures vanquished.

Grand Total: 343 creatures vanquished

Notes
Turn   | Place    | Note
--------------------------------------------------------------
     0 | D:1      | mistymad the Naga Transmuter began the quest for the Orb.
     0 | D:1      | Reached XP level 1. HP: 18/18 MP: 3/3
   198 | D:1      | Reached XP level 2. HP: 22/25 MP: 3/5
   202 | D:1      | Learned a level 2 spell: Sticks to Snakes
   831 | D:1      | Reached XP level 3. HP: 26/31 MP: 6/6
   836 | D:1      | Learned a level 3 spell: Spider Form
  1225 | D:2      | Reached skill level 1 in Poison Magic
  1293 | D:2      | Noticed Natasha
  1302 | D:2      | Killed Natasha
  1302 | D:2      | Reached XP level 4. HP: 26/38 MP: 3/7
  1928 | D:2      | Found a hazy altar of Hepliaklqana.
  2025 | D:2      | Noticed Natasha
  2034 | D:2      | Killed Natasha
  2034 | D:2      | Reached XP level 5. HP: 35/45 MP: 4/8
  2145 | D:2      | Noticed Natasha
  2153 | D:2      | Killed Natasha
  2561 | D:2      | Noticed Crazy Yiuf
  2569 | D:2      | Killed Crazy Yiuf
  3060 | D:3      | Noticed Grinder
  3174 | D:3      | Reached XP level 6. HP: 42/52 MP: 6/10
  3277 | D:3      | Paralysed by Grinder for 7 turns
  3291 | D:3      | Paralysed by Grinder for 6 turns
  3301 | D:3      | Killed Grinder
  3301 | D:3      | Reached XP level 7. HP: 46/61 MP: 8/11
  3528 | D:4      | Found a glowing drain.
  3537 | Sewer    | Entered a sewer
  3917 | Sewer    | Noticed Stormphoenix's ghost (amateur OgFi)
  3941 | Sewer    | Killed Stormphoenix's ghost
  4202 | Sewer    | Reached XP level 8. HP: 38/69 MP: 8/13
  4628 | D:4      | Reached skill level 5 in Unarmed Combat
  4836 | D:3      | Noticed Terence
  4849 | D:3      | Killed Terence
  5188 | D:3      | Noticed Jessica
  5203 | D:3      | Killed Jessica
  5242 | D:3      | Found a blossoming altar of Fedhas.
  5251 | D:3      | Found a snail-covered altar of Cheibriados.
  5264 | D:3      | Became a worshipper of Cheibriados the Contemplative
  5335 | D:3      | Noticed Purgy
  5345 | D:3      | Killed Purgy
  5478 | D:3      | Reached skill level 5 in Poison Magic
  5676 | D:3      | Reached * piety under Cheibriados
  6030 | D:4      | Found a sacrificial altar of Ru.
  6144 | D:4      | Found a basalt altar of Yredelemnul.
  6229 | D:4      | Found a glowing golden altar of the Shining One.
  6241 | D:5      | Entered Level 5 of the Dungeon
  6345 | D:5      | Found a sand-covered staircase.
  6407 | D:5      | Reached skill level 5 in Transmutations
  6407 | D:5      | Reached XP level 9. HP: 40/79 MP: 1/15
  6589 | Ossuary  | Entered an ossuary
  7088 | Ossuary  | Reached skill level 16 in Stealth
  7088 | Ossuary  | Reached XP level 10. HP: 87/87 MP: 17/17
  7179 | D:5      | Reached ** piety under Cheibriados
  7377 | D:5      | Noticed Blork the orc
  7383 | D:5      | Noticed georgeearnest's ghost (novice HOFi)
  7400 | D:5      | Killed Blork the orc
  7870 | D:5      | Found Ushaefub's Antique Weapon Boutique.
  7881 | D:5      | Bought a pitted triple sword for 285 gold pieces
  7882 | D:5      | Identified the cursed +1 triple sword "Azxaevur" {slice, Dex+9 Stlth-} (You bought it in a shop on level 5 of the Dungeon)
  8347 | D:6      | Found a staircase to the Ecumenical Temple.
  8377 | Temple   | Entered the Ecumenical Temple
  8709 | D:6      | Found a shimmering altar of Xom.
  8838 | D:6      | Reached *** piety under Cheibriados
  8870 | D:7      | Noticed tstbtto's ghost (novice CeBe)
  9015 | D:7      | Noticed Joseph
  9071 | D:7      | Killed Joseph
  9071 | D:7      | Reached skill level 5 in Spellcasting
  9173 | D:7      | Reached skill level 17 in Stealth
  9434 | D:7      | Was placed under penance by Cheibriados
  9630 | D:7      | Found Zin's Purification Station.
  9630 | D:7      | Found a glowing silver altar of Zin.
  9642 | D:7      | Bought a potion of curing for 90 gold pieces
  9672 | D:7      | Noticed Menkaure
  9686 | D:7      | Was forgiven by Cheibriados
  9895 | D:7      | Found a radiant altar of Vehumet.
  9907 | D:7      | Found an opulent altar of Gozag.
  9943 | D:7      | Reached skill level 1 in Invocations
  9949 | D:7      | Reached skill level 5 in Fighting
 10362 | D:7      | Noticed Duvessa
 10365 | D:7      | Noticed Dowan
 10371 | D:7      | Killed Duvessa
 10376 | D:7      | Killed Dowan
 10515 | D:7      | Found an oddly glowing altar of Pakellas.
 10685 | D:7      | Reached **** piety under Cheibriados
 10954 | D:7      | Found a burning altar of Makhleb.
 11067 | D:8      | Found a white marble altar of Elyvilon.
 11097 | D:8      | Noticed an elephant
 11213 | D:8      | Gained mutation: Your magical capacity is low. (-10% MP) [mutagenic meat]
 11214 | D:8      | Gained mutation: Your magical capacity is very low. (-20% MP) [mutagenic meat]
 11215 | D:8      | Gained mutation: You evolve. [mutagenic meat]
 11216 | D:8      | Gained mutation: You have a pair of small horns on your head. [mutagenic meat]
 11218 | D:8      | Gained mutation: You passively map a small area around you. [mutagenic meat]
 11252 | D:8      | Reached XP level 11. HP: 96/96 MP: 11/15
 11260 | D:8      | Lost mutation: You have a pair of small horns on your head. [mutagenic meat]
 11265 | D:8      | Gained mutation: You are partially covered in rugged brown scales. (AC +1, +3% HP) [mutagenic meat]
 11314 | D:8      | Found a staircase to the Lair.
 11348 | D:8      | HP: 1/98 [orc warrior/long sword (15)]
 11751 | D:8      | Lost mutation: Your magical capacity is very low. (-20% MP) [mutagenic meat]
 11752 | D:8      | Gained mutation: You are robust. (+10% HP) [mutagenic meat]
 11753 | D:8      | Lost mutation: Your magical capacity is low. (-10% MP) [mutagenic meat]
 11834 | D:8      | Found a shattered altar of Ashenzari.
 11892 | D:8      | Found Ceillaen's Food Boutique.
 11895 | D:8      | Noticed Erolcha
 11945 | Lair:1   | Entered Level 1 of the Lair of Beasts
 11960 | Lair:1   | Learned a level 5 spell: Blade Hands
 12442 | Lair:1   | Noticed a six-headed hydra
 12477 | Lair:1   | Killed a six-headed hydra
 12477 | Lair:1   | Reached skill level 5 in Dodging
 12549 | Lair:1   | Noticed Grum
 12611 | Lair:1   | Killed Grum
 13369 | Lair:1   | Noticed an eight-headed hydra
 13945 | D:8      | Learned a level 4 spell: Ice Form
 14047 | D:8      | Killed Erolcha
 14308 | D:8      | Found a sparkling altar of Nemelex Xobeh.
 14308 | D:8      | Found an iron altar of Okawaru.
 14379 | D:9      | Noticed a green ugly thing
 14392 | D:9      | Slain by a green ugly thing

Vault maps used:
D:1:      lightli_arrival_chessboard
D:2:      marbit_many_paths, first_bread, uniq_natasha, uniq_crazy_yiuf_cottage
D:3:      grunt_temple_overflow_open, roderic_bipointed_swastika,
          minmay_misc_feat_nine_boxes, uniq_terence, uniq_grinder, uniq_purgy,
          uniq_jessica
D:4:      nicolae_ru_path_of_blood, lemuel_zombie_altar_yredelemnul,
          nicolae_overflow_hidden_temple, gup_sewer_entry_bowl
D:5:      enter_ossuary_3, serial_shops, kennysheep_mini_moat,
          uniq_blork_the_orc
D:6:      lemuel_coloured_pillars_altar
D:7:      zin_purify, nicolae_overflow_quartered_altars, roderic_malta_cross,
          grunt_livestock, hangedman_decor_push, minmay_ruffians, uniq_joseph,
          uniq_menkaure, uniq_duvessa
D:8:      elyvilon_altar_4, gammafunk_temple_overflow_elements, kennysheep_mini,
          david_lair_generic, serial_shops, shop_fountains, uniq_erolcha
D:9:      hangedman_cross_stitches, uniq_pikel
Temple:   hc_temple_tempest_star_small
Lair:1:   grunt_megastairs_2, uniq_grum
Sewer:    sewer_frog_island_02
Ossuary:  ossuary_tomb_3

Skill      XL: |  1  2  3  4  5  6  7  8  9 10 11 |
---------------+----------------------------------+-----
Poison Magic   | 1 2 3 4 5 6 |  6.0
Dodging        | 2 3 4 5 |  5.3
Fighting       | 2 3 4 5 6 |  6.0
Transmutations | 3 4 5 6 |  6.7
Unarmed Combat | 4 5 6 7 |  7.0
Spellcasting   | 3 4 5 6 |  6.0
Stealth        | 16 17 | 17.7
Invocations    | 1 4 |  4.0

Action                   |  1- 3 |  4- 6 |  7- 9 | 10-12 || total
-------------------------+-------+-------+-------+-------++-------
Melee: Unarmed           |    47 |    71 |   330 |   403 ||   851
       Headbutt          |     1 |     1 |       |       ||     2
       Dagger            |    56 |    43 |    16 |     4 ||   119
       Punch             |     1 |     1 |       |     2 ||     4
       Triple sword      |       |       |       |    62 ||    62
 Cast: Beastly Appendage |     2 |     2 |       |       ||     4
       Spider Form       |     3 |    15 |    51 |    47 ||   116
       Sticks to Snakes  |       |       |    14 |    38 ||    52
       Blade Hands       |       |       |       |     2 ||     2
       Ice Form          |       |       |       |     1 ||     1
 Abil: Spit Poison       |    27 |    10 |     9 |     7 ||    53
  Use: Scroll            |       |     6 |     1 |     8 ||    15
       Potion            |       |     2 |     2 |    12 ||    16
 Stab: Distracted        |       |       |     1 |     3 ||     4
       Sleeping          |       |       |       |    24 ||    24
  Eat: Chunk             |     2 |     8 |    15 |    19 ||    44
       Bread ration      |       |       |       |     2 ||     2
       Fruit             |       |       |       |     1 ||     1
Armor: Robe              |    19 |    17 |    15 |    64 ||   115
       Skin              |       |     6 |    13 |    26 ||    45
Dodge: Dodged            |    85 |    81 |   294 |   622 ||  1082
